 Dungeon Crawl Stone Soup version 0.20.1-1-g8b1a95d (webtiles) character file.

84990 Monsterracer the Fighter (level 15, -1/132 HPs)
             Began as a Demonspawn Wizard on Sept 14, 2017.
             Was the Champion of Makhleb.
             Slain by a freezing wraith (4 damage)
             ... on level 14 of the Dungeon.
             The game lasted 01:27:37 (34000 turns).

Monsterracer the Fighter (Demonspawn Wizard)       Turns: 34000, Time: 01:27:37

Health: -1/132     AC: 14    Str: 17    XL:     15   Next: 36%
Magic:  0/27       EV: 14    Int: 25    God:    Makhleb [******]
Gold:   1264       SH:  4    Dex:  7    Spells: 4/30 levels left

rFire    + . .     SeeInvis +   a - +3 flail (protect)
rCold    + . .     Gourm    .   L - +0 buckler
rNeg     + . .     Faith    .   N - +2 leather armour "Feariromn" {rF+ Str+2 Int+2 Dex-4}
rPois    +         Spirit   +   V - +0 mask of the Dragon {MR+ Slay+3 SInv}
rElec    +         Reflect  .   W - +2 cloak
rCorr    .         Harm     .   G - +1 pair of gloves
MR       ++...                  F - +0 pair of boots of Benevolence {rPois}
Stlth    ++........             O - amulet of guardian spirit
Regen    0.4/turn               X - ring "Amiufa" {rN+ Slay+4}
MPRegen  0.2/turn               U - ring "Healinay" {rElec rC+ Str+4 Stlth+}

@: slowed, very slow
A: claws 1, hooves 1, icy blue scales 2, demonic guardian 1, foul stench 2,
robust 1, wild magic 2, rot immunity
a: Minor Destruction, Lesser Servant of Makhleb, Major Destruction, Greater
Servant of Makhleb, Renounce Religion


You were on level 14 of the Dungeon.
You worshipped Makhleb.
Makhleb was exalted by your worship.
You were not hungry.

You visited 3 branches of the dungeon, and saw 22 of its levels.
You also visited: Sewer.

You collected 2433 gold pieces.
You spent 1169 gold pieces at shops.

Inventory:

Hand Weapons
 a - a +3 flail of protection (weapon)
 b - the +8 whip "Snakebite" {curare, rPois}
   (You found it on level 5 of the Lair of Beasts)

   It poisons the flesh of those it strikes.
   It protects you from poison.
 i - the +7 whip of Hesor {freeze, MR+}
   (You took it off an orc warrior on level 2 of the Orcish Mines)

   It has been specially enchanted to freeze those struck by it, causing extra
   injury to most foes and up to half again as much damage against particularly
   susceptible opponents.
   It can also slow down cold-blooded creatures.
   It affects your resistance to hostile enchantments.
 w - a +1 morningstar of venom
Armour
 F - the +0 pair of boots of Benevolence (worn) {rPois}
   (You found it on level 7 of the Dungeon)

   It protects you from poison.
 G - a +1 pair of gloves (worn)
 L - a +0 buckler (worn)
 N - the +2 leather armour "Feariromn" (worn) {rF+ Str+2 Int+2 Dex-4}
   (You found it on level 5 of the Dungeon)

   It affects your strength (+2).
   It affects your intelligence (+2).
   It affects your dexterity (-4).
   It protects you from fire.
 P - +1 swamp dragon scales
 R - a +0 shield
 V - the +0 mask of the Dragon (worn) {MR+ Slay+3 SInv}
   (You bought it in a shop on level 2 of the Orcish Mines)

   It affects your accuracy and damage with ranged weapons and melee attacks
   (+3).
   It affects your resistance to hostile enchantments.
   It lets you see invisible.
 W - a +2 cloak (worn)
Jewellery
 l - an uncursed ring of protection from fire
 E - a +4 ring of protection
 J - an uncursed ring of wizardry
 O - an amulet of guardian spirit (around neck)
 S - an uncursed ring of resist corrosion
 T - an uncursed ring of flight
 U - the ring "Healinay" (right hand) {rElec rC+ Str+4 Stlth+}
   (You found it on level 5 of the Lair of Beasts)

   [ring of strength]

   It affects your strength (+4).
   It protects you from cold.
   It insulates you from electricity.
   It makes you more stealthy.
 X - the ring "Amiufa" (left hand) {rN+ Slay+4}
   (You bought it in a shop on level 2 of the Orcish Mines)

   [ring of positive energy]

   It affects your accuracy and damage with ranged weapons and melee attacks
   (+4).
   It protects you from negative energy.
Wands
 Y - a wand of acid (6/15)
Scrolls
 f - 3 scrolls of amnesia
 k - 10 scrolls of remove curse
 n - 3 scrolls of magic mapping
 p - 5 scrolls of teleportation
 q - 7 scrolls of recharging
 y - 3 scrolls of fear
 C - 4 scrolls of identify
 I - 2 scrolls of enchant weapon
 K - a scroll of blinking
 Q - 2 scrolls of fog
Potions
 e - 6 potions of berserk rage
 h - 4 potions of haste
 o - 5 potions of might
 r - 10 potions of curing
 s - a potion of magic
 t - a potion of cancellation
 u - 4 potions of flight
 v - 11 potions of heal wounds
 x - a potion of resistance
 z - 3 potions of brilliance
 B - 4 potions of agility
 D - a potion of mutation
Comestibles
 c - 27 fruits
 d - 13 bread rations
 g - 9 meat rations
 A - 14 royal jellies


   Skills:
 * Level 12.1 Fighting
 * Level 11.2 Maces & Flails
 + Level 2.5 Armour
 + Level 7.2 Dodging
 - Level 1.7 Stealth
 - Level 4.5 Shields
 + Level 8.0 Spellcasting
 - Level 10.3 Conjurations
 * Level 4.3 Charms
 - Level 4.0 Summonings
 * Level 4.4 Translocations
 - Level 4.0 Transmutations
 - Level 4.0 Fire Magic
 - Level 4.0 Air Magic
 - Level 4.0 Earth Magic
 - Level 1.2 Poison Magic
 - Level 11.6 Invocations


You had 4 spell levels left.
You knew the following spells:

 Your Spells              Type           Power        Failure   Level  Hunger
a - Song of Slaying       Chrm           ######..     6%          2    None
b - Conjure Flame         Conj/Fire      ######..     4%          3    None
c - Mephitic Cloud        Conj/Pois/Air  ######..     8%          3    None
d - Passage of Golubria   Tloc           N/A          24%         4    ##.....
e - Blink                 Tloc           N/A          6%          2    None
f - Lesser Beckoning      Tloc           ######....   10%         3    None
g - Summon Butterflies    Summ           #####...     4%          1    None
h - Regeneration          Chrm/Necr      ####......   19%         3    None
i - Swiftness             Chrm/Air       #####...     6%          2    None
j - Passwall              Tmut/Erth      #####.....   6%          2    None
z - Apportation           Tloc           ######       4%          1    None


Dungeon Overview and Level Annotations

Branches:
Dungeon (14/15)            Temple (0/1) D:7            Lair (6/6) D:10
  Swamp (0/4) Lair:3       Spider (0/4) Lair:4        Slime (0/5) Lair:6
    Orc (2/2) D:11            Elf (0/3) Orc:2        Vaults (0/5) D:13

Altars:
Cheibriados
Fedhas
Gozag
Makhleb
Okawaru
Sif Muna
Trog
Uskayaw
Yredelemnul
The Shining One
Beogh
Jiyva

Shops:
D:12 ?   Orc:1 :   Orc:2 [!*=

Portals:
Trove: D:13 (give horn of Geryon)

Annotations:
D:8 exclusion: ice statue


Innate Abilities, Weirdness & Mutations

You have sharp fingernails.
You are mostly covered in icy blue scales. (AC +3)
A weak demonic guardian rushes to your aid.
You frequently emit foul miasma when damaged in melee.
You are immune to rotting.
You have large cloven feet.
You are robust. (+10% HP)
Your spells are harder to cast, but more powerful.


Message History

Okay, then.
Casting: Blink
Confirm with . or Enter, or press ? or * to list all spells.
Okay, then.
Casting: Blink
Confirm with . or Enter, or press ? or * to list all spells.
You blink.
* * * LOW MAGIC WARNING * * *
The freezing wraith hits you but does no damage.
The freezing wraith barely misses you.
Casting: Blink
Confirm with . or Enter, or press ? or * to list all spells.
You don't have enough magic to cast that spell.
The freezing wraith hits you!
* * * LOW HITPOINT WARNING * * *
The freezing wraith freezes you! You resist.
* * * LOW MAGIC WARNING * * *
* * * LOW HITPOINT WARNING * * *
The freezing wraith hits you.
You die...

#########
#.......#
#.....W.+
#......@#
#.......#
#.(.....#
####'####
#..# ##.#
#.## #..#
######.####


You could see a freezing wraith.

Vanquished Creatures
  Saint Roka (Orc:2)
  Gastronok (Lair:1)
  Snorg (Lair:4)
  A fire dragon (Lair:6)
  Erolcha (D:12)
  2 hydras (Lair:6)
  2 centaur warriors (D:13)
  A catoblepas (Lair:6)
  7 two-headed ogres
  A tengu warrior (D:13)
  An ogre mage (Orc:2)
  4 orc high priests (Orc:2)
  The ghost of Chisa the Spear-Bearer, a novice MfGl of Yredelemnul (D:8)
  7 death yaks
  Sonja (Lair:2)
  3 slime creatures (D:13)
  A swamp dragon (Lair:6)
  6 orc knights
  5 orc sorcerers (Orc:2)
  2 ugly things (D:12)
  2 cyclopes (D:13)
  2 manticores (Lair:6)
  7 elephants
  10 black mambas
  Psyche (D:8)
  Maurice (D:12)
  14 spiny frogs
  2 komodo dragons
  9 rime drakes
  8 trolls
  A tengu conjurer (D:13)
  A jumping spider (Lair:4)
  2 hornets
  A tyrant leech (Lair:3)
  34 blink frogs
  7 dream sheep
  12 hippogriffs
  2 vampires (D:13)
  The ghost of Britaniac the Firebug, an amateur DEFE (Sewer)
  31 yaks
  Sigmund (D:3)
  A redback (Lair:4)
  A wyvern (D:13)
  Eustachio (D:6)
  4 basilisks
  A hungry ghost (D:8)
  A steam dragon (Lair:6)
  4 wargs
  2 soldier ants
  2 acid dragons
  A swamp worm (Lair:3)
  25 water moccasins
  7 porcupines
  7 ice beasts
  4 sky beasts
  49 orc warriors
  2 black bears
  An eye of draining (D:11)
  4 phantoms
  A necrophage (D:5)
  17 wolves
  12 centaurs
  16 ogres
  19 crocodiles
  3 big kobolds (Sewer)
  8 bullfrogs
  2 wyvern zombies
  A wyvern skeleton (D:7)
  4 scorpions
  3 wights (D:8)
  18 killer bees
  3 howler monkeys (D:8)
  5 crimson imps
  2 centaur zombies
  A bullfrog zombie (D:5)
  8 hounds
  37 orc priests
  3 centaur skeletons
  A jelly (D:6)
  6 iguanas
  3 bullfrog skeletons
  22 orc wizards
  7 worker ants
  A hound zombie (D:7)
  A hound skeleton (D:8)
  A worker ant zombie (D:5)
  4 gnolls (D:11)
  20 adders
  A shadow imp (D:11)
  2 oozes
  An adder zombie (D:5)
  A worm (D:2)
  2 dart slugs
  5 leopard geckos
  128 orcs
  5 ball pythons
  9 giant cockroaches
  7 goblins
  6 hobgoblins
  20 jackals
  A quokka (D:3)
  13 bats
  9 frilled lizards
  16 kobolds
  2 quokka skeletons
  8 rats
  A plant (Lair:6)
781 creatures vanquished.

Vanquished Creatures (collateral kills)
  The ghost of vatarom the Basher, a journeyman DsCK of Xom (Lair:5)
  A catoblepas (Lair:4)
  Urug (Lair:2)
  4 elephants (Lair:4)
  A spiny frog (Lair:4)
  5 blink frogs
  2 hippogriffs
  A wyvern (D:9)
  A water moccasin (Lair:4)
  An ice beast (Lair:1)
  An orc warrior (Orc:2)
  2 wolves
  A bullfrog (Lair:1)
  A crimson imp (D:12)
  3 orc wizards
  An adder zombie (D:8)
  10 orcs
  A fungus (Lair:4)
38 creatures vanquished.

Vanquished Creatures (others)
  A wizard (D:13)
  An orc priest (D:10)
  7 fungi
  8 plants
17 creatures vanquished.

Grand Total: 836 creatures vanquished

Notes
Turn   | Place    | Note
-------+----------+-------------------------------------------
     0 | D:1      | Monsterracer the Demonspawn Wizard began the quest for the Orb.
     0 | D:1      | Reached XP level 1. HP: 13/13 MP: 4/4
   388 | D:1      | Gained mutation: You are immune to rotting. [demonic ancestry]
   388 | D:1      | Reached XP level 2. HP: 19/19 MP: 3/6
   438 | D:1      | HP: 9/19 [giant cockroach (2)]
   448 | D:1      | HP: 8/19 [giant cockroach (1)]
   456 | D:1      | HP: 5/19 [giant cockroach (2)]
   462 | D:1      | HP: 5/19 [giant cockroach (1)]
  1474 | D:1      | Gained mutation: You may emit foul miasma when damaged in melee. [demonic ancestry]
  1474 | D:1      | Reached XP level 3. HP: 24/24 MP: 2/7
  1525 | D:1      | Learned a level 3 spell: Conjure Flame
  1529 | D:1      | Learned a level 3 spell: Mephitic Cloud
  1900 | D:2      | HP: 10/24 [adder (4)]
  1907 | D:2      | HP: 7/24 [poisoned by an adder]
  1914 | D:2      | HP: 4/24 [adder (3)]
  1917 | D:1      | HP: 1/24 [poisoned by an adder]
  1918 | D:1      | Gained mutation: Your muscles are strong. (Str +2) [potion of mutation]
  1918 | D:1      | Gained mutation: You are partially covered in icy blue scales. (AC +2) [potion of mutation]
  2437 | D:2      | Reached XP level 4. HP: 30/30 MP: 1/8
  3297 | D:3      | Noticed Sigmund
  3323 | D:3      | Killed Sigmund
  3323 | D:3      | Mutation became permanent: You are partially covered in icy blue scales. (AC +2) [demonic ancestry]
  3323 | D:3      | Gained mutation: You are partially covered in icy blue scales. (AC +2) [demonic ancestry]
  3323 | D:3      | Reached XP level 5. HP: 24/35 MP: 2/9
  3323 | D:3      | Reached XP level 6. HP: 28/41 MP: 2/10
  3670 | D:4      | Found a deep blue altar of Sif Muna.
  3777 | D:4      | Found a glowing golden altar of the Shining One.
  3783 | D:4      | Found a blossoming altar of Fedhas.
  3831 | D:4      | HP: 19/41 [orc/flail of protection (9)]
  3836 | D:4      | HP: 10/41 [orc/short sword (7)]
  3840 | D:4      | HP: 2/41 [orc/short sword (6)]
  4585 | D:4      | Reached skill level 1 in Maces & Flails
  4637 | D:4      | Reached skill level 1 in Fighting
  4637 | D:4      | Reached XP level 7. HP: 28/48 MP: 11/11
  4869 | D:4      | Learned a level 2 spell: Call Imp
  4872 | D:4      | Learned a level 2 spell: Blink
  5469 | D:5      | Entered Level 5 of the Dungeon
  5601 | D:5      | Found a glowing drain.
  5636 | D:5      | Reached skill level 2 in Fighting
  5764 | Sewer    | Entered a sewer
  5885 | Sewer    | Noticed Britaniac's ghost (amateur DEFE)
  5893 | Sewer    | Killed Britaniac's ghost
  5893 | Sewer    | Reached XP level 8. HP: 50/57 MP: 4/14
  6229 | Sewer    | HP: 26/57 [big kobold (4)]
  6233 | Sewer    | Reached skill level 3 in Fighting
  7308 | D:5      | Got a twisted leather armour
  7319 | D:5      | Identified the +2 leather armour "Feariromn" {rF+ Str+2 Int+2 Dex-4} (You found it on level 5 of the Dungeon)
  7573 | D:6      | Found a hide-covered altar of Uskayaw.
  7699 | D:6      | Reached skill level 4 in Fighting
  7810 | D:6      | Found an iron altar of Okawaru.
  7837 | D:6      | Reached XP level 9. HP: 50/65 MP: 16/16
  7865 | D:6      | Reached skill level 5 in Spellcasting
  7986 | D:6      | Noticed Eustachio
  8000 | D:6      | Killed Eustachio
  8157 | D:6      | Found a burning altar of Makhleb.
  8260 | D:6      | Became a worshipper of Makhleb the Destroyer
  8324 | D:7      | Got a pair of dazzling boots
  8330 | D:7      | Identified the cursed +0 pair of boots of Benevolence {rPois} (You found it on level 7 of the Dungeon)
  8521 | D:7      | Reached skill level 1 in Shields
  8617 | D:7      | HP: 33/66 [centaur/arrow (2)]
  8839 | D:7      | Found a staircase to the Ecumenical Temple.
  8922 | D:7      | Found a bloodstained altar of Trog.
  8958 | D:7      | Gained mutation: Armour fits poorly on your strangely shaped body. [mutagenic meat]
  8959 | D:7      | Gained mutation: Your system is resistant to poisons. (rPois) [mutagenic meat]
  8960 | D:7      | Gained mutation: You have large cloven feet. [mutagenic meat]
  8961 | D:7      | Gained mutation: You are frail. (-10% HP) [mutagenic meat]
  8964 | D:7      | Lost mutation: You are frail. (-10% HP) [potion of mutation]
  8964 | D:7      | Lost mutation: Your muscles are strong. (Str +2) [potion of mutation]
  8964 | D:7      | Lost mutation: Armour fits poorly on your strangely shaped body. [potion of mutation]
  8964 | D:7      | Lost mutation: Your system is resistant to poisons. (rPois) [potion of mutation]
  8964 | D:7      | Gained mutation: You are robust. (+10% HP) [potion of mutation]
  8964 | D:7      | Gained mutation: Your spells are a little harder to cast, but a little more powerful. [potion of mutation]
  8964 | D:7      | Gained mutation: Your spells are harder to cast, but more powerful. [potion of mutation]
  9678 | D:8      | Noticed Chisa's ghost (novice MfGl)
  9692 | D:8      | HP: 35/72 [Chisa's ghost (2)]
  9923 | D:8      | Reached skill level 1 in Invocations
  9979 | D:8      | HP: 26/72 [Chisa's ghost (13)]
  9980 | D:8      | Killed Chisa's ghost
  9980 | D:8      | Reached skill level 5 in Fighting
 10300 | D:8      | Found a basalt altar of Yredelemnul.
 10320 | D:8      | Gained mutation: A weak demonic guardian rushes to your aid. [demonic ancestry]
 10320 | D:8      | Reached XP level 10. HP: 81/81 MP: 18/18
 10355 | D:8      | Reached * piety under Makhleb
 10355 | D:8      | Reached skill level 5 in Maces & Flails
 10785 | D:8      | HP: 40/81 [poisoned by a hornet]
 10790 | D:8      | HP: 36/81 [poisoned by a hornet]
 10798 | D:8      | HP: 35/81 [poisoned by a hornet]
 10812 | D:8      | HP: 31/81 [hornet (8)]
 10818 | D:8      | HP: 28/82 [poisoned by a hornet]
 10825 | D:8      | HP: 26/82 [poisoned by a hornet]
 10832 | D:8      | HP: 26/82 [poisoned by a hornet]
 10840 | D:8      | HP: 26/82 [poisoned by a hornet]
 11177 | D:8      | Reached skill level 1 in Fire Magic
 11438 | D:8      | Noticed an ice statue
 11752 | D:8      | Noticed Psyche
 11765 | D:8      | Killed Psyche
 11929 | D:9      | Reached skill level 1 in Air Magic
 12541 | D:9      | Reached ** piety under Makhleb
 12954 | D:9      | Found a snail-covered altar of Cheibriados.
 12955 | D:9      | Found an opulent altar of Gozag.
 13285 | D:10     | Entered Level 10 of the Dungeon
 13421 | D:10     | Reached skill level 10 in Conjurations
 13495 | D:9      | Reached skill level 1 in Translocations
 13849 | D:10     | Reached skill level 6 in Fighting
 14197 | D:10     | Reached XP level 11. HP: 89/89 MP: 6/19
 14839 | D:10     | Found a staircase to the Lair.
 15046 | Lair:1   | Entered Level 1 of the Lair of Beasts
 15129 | Lair:1   | HP: 45/91 [crocodile (15)]
 15146 | Lair:1   | HP: 24/91 [ice beast (3)]
 15522 | Lair:1   | Noticed Gastronok
 15535 | Lair:1   | HP: 45/91 [Gastronok/the air (16)]
 15541 | Lair:1   | Killed Gastronok
 15541 | Lair:1   | Reached skill level 7 in Fighting
 15541 | Lair:1   | Reached skill level 5 in Invocations
 15737 | Lair:1   | HP: 45/92 [crocodile (3)]
 15742 | Lair:1   | HP: 42/92 [crocodile (7)]
 16055 | Lair:1   | Reached *** piety under Makhleb
 16972 | Lair:2   | Noticed Sonja
 17467 | Lair:2   | Noticed Urug
 17484 | Lair:2   | HP: 47/94 [Urug/long sword of holy wrath (15)]
 17487 | Lair:2   | Killed Urug
 17487 | Lair:2   | Reached skill level 8 in Fighting
 17534 | Lair:2   | Killed Sonja
 18459 | Lair:2   | Reached XP level 12. HP: 90/103 MP: 15/21
 19134 | Lair:3   | Found a staircase to the Swamp.
 19654 | Lair:4   | Noticed Snorg
 19662 | Lair:4   | Noticed a catoblepas
 19672 | Lair:4   | Killed Snorg
 19672 | Lair:4   | Reached skill level 9 in Fighting
 19698 | Lair:4   | Killed a catoblepas
 20363 | Lair:4   | Reached skill level 5 in Dodging
 20721 | Lair:4   | Learned a level 1 spell: Apportation
 20725 | Lair:4   | Learned a level 3 spell: Lesser Beckoning
 20727 | Lair:4   | Learned a level 1 spell: Summon Butterflies
 20817 | Lair:4   | Found a hole to the Spider Nest.
 20992 | Lair:4   | Reached **** piety under Makhleb
 20992 | Lair:4   | Reached skill level 10 in Fighting
 21513 | Lair:5   | Gained mutation: You have sharp fingernails. [demonic ancestry]
 21513 | Lair:5   | Reached XP level 13. HP: 104/113 MP: 20/22
 21653 | Lair:5   | HP: 57/114 [blink frog (4)]
 21698 | Lair:5   | Noticed vatarom's ghost (journeyman DsCK)
 21747 | Lair:5   | Killed vatarom's ghost
 22060 | Lair:5   | Reached ***** piety under Makhleb
 22178 | Lair:5   | Got a faintly glowing brass ring
 22179 | Lair:5   | Identified the ring "Healinay" {rElec rC+ Str+4 Stlth+} (You found it on level 5 of the Lair of Beasts)
 22941 | Lair:5   | Reached skill level 10 in Invocations
 23328 | Lair:6   | Entered Level 6 of the Lair of Beasts
 23393 | Lair:6   | Identified a scroll of acquirement
 23405 | Lair:6   | Learned a level 6 spell: Shadow Creatures
 23769 | Lair:6   | Found a staircase to the Slime Pits.
 23770 | Lair:6   | Found a viscous altar of Jiyva.
 24035 | Lair:6   | Noticed a fire dragon
 24051 | Lair:6   | Killed a fire dragon
 24078 | Lair:6   | Reached skill level 10 in Maces & Flails
 24415 | Lair:6   | Reached skill level 11 in Fighting
 24488 | Lair:6   | Noticed a dire elephant
 24532 | Lair:5   | HP: 49/116 [death yak (21)]
 24541 | Lair:5   | HP: 3/116 [death yak (49)]
 25485 | Lair:5   | Gained mutation: You frequently emit foul miasma when damaged in melee. [demonic ancestry]
 25485 | Lair:5   | Reached XP level 14. HP: 91/124 MP: 14/24
 25498 | Lair:5   | HP: 59/124 [death yak (9)]
 26582 | Lair:4   | Reached skill level 1 in Armour
 26962 | D:11     | Learned a level 2 spell: Swiftness
 26968 | D:11     | Learned a level 4 spell: Passage of Golubria
 26972 | D:11     | Learned a level 2 spell: Passwall
 27126 | D:11     | Found a staircase to the Orcish Mines.
 27701 | Orc:1    | Entered Level 1 of the Orcish Mines
 27706 | Orc:1    | Found Quutos's Book Boutique.
 27912 | Orc:1    | Found a burning altar of Makhleb.
 28235 | Orc:1    | Reached ****** piety under Makhleb
 28629 | Orc:2    | Entered Level 2 of the Orcish Mines
 28794 | Orc:2    | Reached skill level 1 in Transmutations
 28794 | Orc:2    | Reached skill level 1 in Poison Magic
 29053 | Orc:2    | Got a warped whip {freeze}
 29054 | Orc:2    | Identified the +7 whip of Hesor {freeze, MR+} (You took it off an orc warrior on level 2 of the Orcish Mines)
 29129 | Orc:2    | Reached skill level 1 in Earth Magic
 29156 | Orc:2    | Reached skill level 1 in Charms
 29417 | Orc:2    | Found a roughly hewn altar of Beogh.
 29627 | Orc:2    | Found Natunips's Armour Emporium.
 29666 | Orc:2    | Bought the +0 mask of the Dragon {MR+ Slay+3 SInv} for 334 gold pieces
 29683 | Orc:2    | Found Illug's Distillery.
 29706 | Orc:2    | Bought a potion of heal wounds for 50 gold pieces
 29706 | Orc:2    | Bought a potion of mutation for 80 gold pieces
 30016 | Orc:2    | Found a staircase to the Elven Halls.
 30196 | Orc:2    | Found Kukhliuch's Jewellery Boutique.
 30434 | Orc:2    | Bought the ring "Amiufa" {rN+ Slay+4} for 657 gold pieces
 30452 | Orc:2    | Noticed Saint Roka
 30512 | Orc:2    | HP: 54/125 [orc priest/divine providence[Saint Roka] (11)]
 30518 | Orc:2    | HP: 38/125 [orc warrior/tomahawk (13)]
 30886 | Orc:2    | HP: 58/125 [Saint Roka/divine providence (14)]
 30891 | Orc:2    | HP: 27/125 [Saint Roka/divine providence (11)]
 30937 | Orc:2    | HP: 34/125 [Saint Roka/divine providence (7)]
 31436 | Orc:2    | HP: 59/125 [Saint Roka/divine providence (10)]
 31442 | Orc:2    | HP: 18/125 [Saint Roka/broad axe (15)]
 31444 | Orc:2    | Killed Saint Roka
 31958 | Orc:2    | Found Onimutet's General Store.
 31977 | Orc:2    | Gained mutation: You are mostly covered in icy blue scales. (AC +3) [demonic ancestry]
 31977 | Orc:2    | Reached XP level 15. HP: 103/132 MP: 12/26
 32079 | Orc:2    | Found a roughly hewn altar of Beogh.
 32332 | D:12     | Noticed Erolcha
 32343 | D:12     | Killed Erolcha
 32719 | D:12     | Found a snail-covered altar of Cheibriados.
 32721 | D:12     | Noticed Maurice
 32752 | D:12     | Killed Maurice
 32913 | D:12     | Found Wusuve's Magic Scroll Emporium.
 32929 | D:12     | Learned a level 2 spell: Song of Slaying
 32934 | D:12     | Learned a level 3 spell: Regeneration
 32937 | D:12     | Bought a scroll of teleportation for 48 gold pieces
 33101 | D:13     | Reached skill level 12 in Fighting
 33209 | D:13     | Found a portal to a secret trove of treasure.
 33496 | D:13     | Found a gate to the Vaults.
 33855 | D:13     | Found a bloodstained altar of Trog.
 33991 | D:14     | HP: 65/132 [freezing wraith (6)]
 33997 | D:14     | HP: 36/132 [freezing wraith (4)]
 34000 | D:14     | HP: 12/132 [freezing wraith (8)]
 34000 | D:14     | HP: 3/132 [freezing wraith (9)]
 34000 | D:14     | Slain by a freezing wraith

Skill      XL: |  1  2  3  4  5  6  7  8  9 10 11 12 13 14 15 |
---------------+----------------------------------------------+-----
Conjurations   | 2 3 6 7 9 10 | 10.3
Maces & Flails | 1 2 3 4 5 7 9 10 11 | 11.2
Fighting       | 1 2 4 5 6 8 10 11 12 | 12.1
Spellcasting   | 4 5 6 7 8 |  8.0
Shields        | 4 |  4.5
Invocations    | 2 3 6 9 11 | 11.6
Fire Magic     | 3 4 |  4.0
Air Magic      | 3 4 |  4.0
Translocations | 3 4 |  4.4
Dodging        | 3 5 6 7 |  7.2
Summonings     | 2 4 |  4.0
Armour         | 1 2 |  2.5
Transmutations | 3 4 |  4.0
Poison Magic   | 1 |  1.2
Earth Magic    | 3 4 |  4.0
Charms         | 3 4 |  4.3
Stealth        | |  1.7

Action                   |  1- 3 |  4- 6 |  7- 9 | 10-12 | 13-15 || total
-------------------------+-------+-------+-------+-------+-------++-------
Melee: Unarmed           |    46 |       |       |       |       ||    46
       Whip              |    15 |       |       |       |   989 ||  1004
       Spear             |       |    97 |       |       |       ||    97
       Flail             |       |    12 |   259 |   630 |   115 ||  1016
       Trident           |       |       |     4 |       |       ||     4
 Cast: Magic Dart        |   100 |    81 |   257 |   161 |       ||   599
       Mephitic Cloud    |     1 |     1 |     6 |    26 |    20 ||    54
       Conjure Flame     |       |     1 |     9 |    11 |     6 ||    27
       Blink             |       |       |       |     5 |     5 ||    10
       Call Imp          |       |       |       |     2 |     1 ||     3
       Summon Butterflie |       |       |       |       |     3 ||     3
       Lesser Beckoning  |       |       |       |       |     8 ||     8
       Passwall          |       |       |       |       |     1 ||     1
Invok: Minor Destruction |       |       |       |   360 |   561 ||   921
       Lesser Servant of |       |       |       |     1 |       ||     1
       Greater Servant o |       |       |       |       |     1 ||     1
  Use: Potion            |     4 |       |     1 |       |       ||     5
       Scroll            |       |    15 |     9 |     8 |    10 ||    42
 Stab: Sleeping          |       |     1 |       |     1 |     6 ||     8
       Confused          |       |     1 |     2 |     5 |     1 ||     9
       Distracted        |       |       |       |     5 |     4 ||     9
       Petrified         |       |       |       |     4 |       ||     4
  Eat: Chunk             |     5 |     6 |    26 |    35 |    36 ||   108
       Royal jelly       |       |       |       |       |     1 ||     1
       Fruit             |       |       |       |       |     2 ||     2
Armor: Robe              |    20 |    31 |    68 |       |       ||   119
       Leather armour    |       |       |   118 |   389 |   398 ||   905
Dodge: Dodged            |    66 |    82 |   245 |   418 |   584 ||  1395
Block: Buckler           |       |       |     8 |   129 |   157 ||   294
